 Dungeon Crawl Stone Soup version 0.17-a0-1382-gc46a074 (webtiles) character file.

110 nono the Skirmisher (level 4, -3/44 HPs)
             Began as a Ghoul Fighter on June 15, 2015.
             Killed by divine providence
             ... invoked by an orc priest
              (14 damage)
             ... on level 3 of the Dungeon.
             The game lasted 00:05:48 (1468 turns).

nono the Skirmisher (Ghoul Fighter)                 Turns: 1468, Time: 00:05:48

Health: -3/44      AC:  9    Str: 19    XL:     4   Next: 91%
Magic:  3/3        EV:  7    Int:  3    God:
Gold:   65         SH:  8    Dex:  9    Spells: 0 memorised, 3 levels left

rFire  . . .     SeeInvis .     a - +0 trident
rCold  + . .     Clarity  .     b - +0 scale mail
rNeg   + + +     SustAt   .     c - +0 shield
rPois  ∞         Gourm    .     (no helmet)
rElec  .         Spirit   .     (no cloak)
rCorr  .         Warding  .     p - +2 pair of gloves
rMut   .         Stasis   .     (no boots)
MR     .....                    (no amulet)
Stlth  ..........               (no ring)
                                (no ring)

@: rotting, not resistant to hostile enchantments, extremely unstealthy
A: rotting body, claws 1, carnivore 3, cold resistance 1, negative energy
resistance 3, slow healing 1, torment resistance, unbreathing
a: no special abilities


You were on level 3 of the Dungeon.
You were not hungry.

You visited 1 branch of the dungeon, and saw 3 of its levels.

You collected 65 gold pieces.

Inventory:

Hand weapons
 a - a +0 trident (weapon)
 o - a +0 arbalest of velocity
Armour
 b - a +0 scale mail (worn)
 c - a +0 shield (worn)
 p - a +2 pair of gloves (worn)
Scrolls
 h - 4 scrolls of identify {unknown}
 j - 3 scrolls of teleportation {unknown}
 m - 3 scrolls of noise {unknown}
 n - a scroll of enchant weapon {unknown}
 q - a scroll of remove curse {unknown}
Potions
 d - 4 potions of might
 f - a potion of agility
 g - 2 potions of cure mutation {unknown}
 i - a potion of curing {unknown}
 k - a potion of mutation {unknown}
 l - a potion of flight {unknown}
Comestibles
 e - a meat ration
 r - 6 chunks of flesh


   Skills:
 + Level 5.9 Fighting
 - Level 1.8 Polearms
 - Level 2.6 Armour
 - Level 2.6 Shields


You had 3 spell levels left.
You didn't know any spells.

Dungeon Overview and Level Annotations

Branches:
Dungeon (3/15)

Altars:
Okawaru


Innate Abilities, Weirdness & Mutations

Your body is rotting away.
You thrive on raw meat.
You are immune to poison.
You have sharp fingernails.
You are carnivorous and can eat meat at any time.
Your flesh is cold resistant.
You are immune to negative energy.
You heal slowly when monsters are visible.
You are immune to unholy pain and torment.
You can survive without breathing.


Message History

Eat one of 8 chunks of flesh? (ye/n/q/i?) This raw flesh tastes great!
The hound bites you.
You continue eating.
The hound bites you but does no damage. The hound barely misses you.
You continue eating.
The hound bites you but does no damage.
Eat one of 7 chunks of flesh? (ye/n/q/i?) This raw flesh tastes great!
The hound closely misses you. You block the orc's attack.
The hound bites you but does no damage.
You continue eating.
You block the orc's attack. The hound bites you but does no damage.
You continue eating.
The hound barely misses you. You block the orc's attack.
The orc priest mumbles some strange prayers to Beogh against you.
Something smites you!
* * * LOW HITPOINT WARNING * * *
The hound closely misses you.
The orc priest calls down the wrath of Beogh upon you.
Something smites you!
You die...

##o### #......#
.#o..#####..o.##
....<.....(##o.#
..........####.###
.........##
#oS.#### .#o......#
###o.o.##
##.......# ###...#
........# ####hS###
.........# #..@o##
...............####
#####


You could see a hound, an orc priest, an adder and an orc.

Vanquished Creatures
  Jessica (D:2)
  4 gnolls (D:2)
  3 worms (D:2)
  A ball python (D:2)
  5 bats
  A giant cockroach (D:1)
  8 goblins
  5 hobgoblins
  5 giant newts
  5 kobolds
  5 rats
43 creatures vanquished.

Notes
Turn   | Place    | Note
--------------------------------------------------------------
     0 | D:1      | nono the Ghoul Fighter began the quest for the Orb.
     0 | D:1      | Reached XP level 1. HP: 19/19 MP: 0/0
   189 | D:1      | Reached XP level 2. HP: 20/27 MP: 1/1
   293 | D:1      | Reached skill level 4 in Fighting
   751 | D:2      | Reached XP level 3. HP: 33/33 MP: 2/2
  1206 | D:2      | Noticed Jessica
  1219 | D:2      | Killed Jessica
  1219 | D:2      | Reached skill level 5 in Fighting
  1219 | D:2      | Reached XP level 4. HP: 29/42 MP: 3/3
  1421 | D:3      | Found an iron altar of Okawaru.
  1468 | D:3      | Killed from afar by an orc priest

Vault maps used:
D:1:      dpeg_arrival_windows_large_door
D:2:      grunt_decor_fettered, uniq_jessica
D:3:      okawaru_gym_becter, kennysheep_generic_room_10, uniq_sigmund

Action                   |  1- 3 |  4- 6 || total
-------------------------+-------+-------++-------
Melee: Trident           |   164 |    49 ||   213
  Eat: Chunk             |     5 |     5 ||    10
